 Dungeon Crawl Stone Soup version 0.17-a0-1262-gd250d98 (webtiles) character file.

273 inmateoo the Insei (level 6, 0/47 HPs)
             Began as a Mummy Monk on June 6, 2015.
             Killed from afar by Natasha (7 damage)
             ... with a wand of magic darts
             ... on level 3 of the Dungeon.
             The game lasted 00:04:53 (4062 turns).

inmateoo the Insei (Mummy Monk)                     Turns: 4062, Time: 00:04:54

Health: 0/47       AC:  6    Str: 15    XL:     6   Next: 2%
Magic:  6/6        EV: 12    Int: 10    God:
Gold:   110        SH:  0    Dex: 15    Spells: 0 memorised, 5 levels left

rFire  x . .     SeeInvis .       - Unarmed
rCold  + . .     Clarity  .     j - +0 leather armour
rNeg   + + +     SustAt   .     (no shield)
rPois  ∞         Gourm    .     (no helmet)
rElec  .         Spirit   .     g - +1 cloak
rCorr  .         Warding  .     (no gloves)
rMut   .         Stasis   .     h - +0 pair of boots
MR     .....                    (no amulet)
Stlth  ++........               (no ring)
                                (no ring)

@: slowed, very slow, not resistant to hostile enchantments, unstealthy
A: no food or potions, fire vulnerability, cold resistance 1, negative energy
resistance 3, torment resistance, unbreathing
a: no special abilities


You were on level 3 of the Dungeon.
You were not hungry.

You visited 1 branch of the dungeon, and saw 4 of its levels.

You collected 110 gold pieces.

Inventory:

Hand weapons
 a - a +0 falchion
 d - a +1 hunting sling of flaming
Missiles
 c - 106 stones (quivered)
Armour
 g - a +1 cloak (worn)
 h - a +0 pair of boots (worn)
 j - a +0 leather armour (worn)
Scrolls
 f - 2 scrolls of identify
 k - a scroll of magic mapping


   Skills:
 - Level 3.0 Fighting
 - Level 2.4 Dodging
 - Level 1.5 Stealth
 + Level 6.1 Unarmed Combat


You had 5 spell levels left.
You didn't know any spells.

Dungeon Overview and Level Annotations

Branches:
Dungeon (4/15)
 Temple: D:4-7

Altars:

Annotations:
D:3 Natasha


Innate Abilities, Weirdness & Mutations

You do not eat or drink.
Your flesh is vulnerable to fire.
You are immune to poison.
Your flesh is cold resistant.
You are immune to negative energy.
You are immune to unholy pain and torment.
You can survive without breathing.


Message History

You enter the shallow water.
Moving in this stuff is going to be slow.
Natasha claws you but does no damage.
Natasha zaps a wand.
The magic dart hits you!
You barely miss Natasha.
Natasha is severely wounded.
Natasha zaps a wand.
The magic dart hits you!
Your unstable footing causes you to fumble your attack.
Natasha zaps a wand.
The magic dart hits you!
Natasha zaps a wand.
The magic dart hits you!
* * * LOW HITPOINT WARNING * * *
You are too injured to fight recklessly!
You are too injured to fight recklessly!
You are too injured to fight recklessly!
You closely miss Natasha.
Natasha is severely wounded.
Natasha zaps a wand.
The magic dart hits you!
* * * LOW HITPOINT WARNING * * *
Natasha zaps a wand.
The magic dart hits you!
You die...

. #####..#.#.##.#.# #.#
#.............#.# #.#
#...).........#.# #.#
#.%....)......#.# #.#
#.............#.######<#####
#..%....>...................
#.............#.############
####.############≈........# #.#
##≈@.###≈≈.######.#
#######.####≈h..≈##≈†........#
.##.......>..#≈≈#≈≈≈#≈≈#....###
..'..........#≈≈#≈.≈#≈≈#....#
##..........#≈≈#≈.≈#≈≈#....#####
#..........#.≈#≈.≈#≈≈#.........
.##..).....###≈≈#≈≈≈#≈≈#....#####
.............#≈≈#≈≈≈#≈.#....#
.............#≈≈##≈[..≈#....#


You could see Natasha.

Vanquished Creatures
  The ghost of kidanger the Magician, an average DEWz (D:3)
  A big kobold (D:3)
  Natasha (D:3)
  Robin (D:3)
  4 adders
  3 giant geckos (D:3)
  3 orcs (D:3)
  10 giant cockroaches
  12 goblins
  9 hobgoblins
  2 jackals (D:1)
  4 bats
  3 giant newts
  4 kobolds
  A quokka (D:3)
  7 rats
66 creatures vanquished.

Notes
Turn   | Place    | Note
--------------------------------------------------------------
     0 | D:1      | inmateoo the Mummy Monk began the quest for the Orb.
     0 | D:1      | Reached XP level 1. HP: 18/18 MP: 1/1
     3 | D:1      | Noticed a vine stalker
     5 | D:1      | Noticed an ogre
     6 | D:1      | Noticed a troll zombie
     8 | D:1      | Noticed a troll
    10 | D:1      | Noticed a ghoul
    14 | D:1      | Noticed a minotaur zombie
    16 | D:1      | Noticed a troll
    18 | D:1      | Noticed a vine stalker zombie
    20 | D:1      | Noticed an elf
   561 | D:2      | Reached XP level 2. HP: 24/24 MP: 2/2
   785 | D:1      | Reached skill level 4 in Unarmed Combat
  1610 | D:2      | Reached XP level 3. HP: 29/29 MP: 3/3
  1871 | D:2      | HP: 1/29 [adder (2)]
  2423 | D:3      | Noticed kidanger's ghost (average DEWz)
  2521 | D:3      | Noticed Robin
  2836 | D:2      | Reached XP level 4. HP: 35/35 MP: 4/4
  2924 | D:3      | Noticed a big kobold
  3336 | D:3      | Killed kidanger's ghost
  3336 | D:3      | Reached skill level 5 in Unarmed Combat
  3373 | D:3      | Reached XP level 5. HP: 37/41 MP: 5/5
  3483 | D:3      | Killed Robin
  3627 | D:3      | Killed a big kobold
  3760 | D:3      | Noticed Natasha
  3761 | D:3      | Reached skill level 6 in Unarmed Combat
  3775 | D:3      | Killed Natasha
  3775 | D:3      | Reached XP level 6. HP: 11/47 MP: 6/6
  4049 | D:3      | Noticed Natasha
  4062 | D:3      | Killed from afar by Natasha

Vault maps used:
D:1:      shiori_arrival_whats_in_store_for_you, minivault_14
D:2:      grunt_decor_fettered, minmay_door_square, serial_park_tiny_2
D:3:      gup_sewer_entry_pipe, first_bread, uniq_natasha, uniq_robin
D:4:      serial_shops, shop, shop, shop, shop, shop, grunt_dithmenos_shadows,
          uniq_pikel

Action                   |  1- 3 |  4- 6 || total
-------------------------+-------+-------++-------
Melee: Unarmed           |    79 |   162 ||   241
       Falchion          |    28 |       ||    28
 Fire: Hunting sling     |    29 |     4 ||    33
  Use: Scroll            |       |     9 ||     9
 Stab: Sleeping          |     5 |       ||     5
